 Dungeon Crawl Stone Soup version 0.30.1 (webtiles) character file.

Game seed: 6300612202327193195

294 Graphine the Sneak (level 6, -2/29 (37) HPs)
             Began as a Kobold Brigand on July 3, 2023.
             Slain by a wight
             ... wielding a +0 war axe
              (7 damage)
             ... on level 3 of the Dungeon.
             The game lasted 00:05:52 (2564 turns).

Graphine the Sneak (Kobold Brigand)                 Turns: 2564, Time: 00:05:53

HP:   -2/29 (37)    AC:  6    Str:  8    XL:     6   Next: 60%
MP:   6/6           EV: 16    Int: 13    God:
Gold: 193           SH:  0    Dex: 18    Spells: 3/5 levels left

rFire   . . .        t - +0 double sword
rCold   . . .        (shield currently unavailable)
rNeg    . . .        b - +0 robe
rPois   .            (no helmet)
rElec   .            c - +2 cloak
rCorr   .            m - +0 pair of gloves
SInv    .            (no boots)
Will    .....        (no amulet)
Stlth   +++++        (no ring)
HPRegen 0.24/turn    (no ring)
MPRegen 0.10/turn

%: no passive effects
@: heavily drained
A: small, no large weapons, nightstalker 3
a: no special abilities


You were on level 3 of the Dungeon.
You visited 1 branch of the dungeon, and saw 4 of its levels.

You collected 193 gold pieces.

Inventory:

Hand Weapons
 a - a +2 dagger
 n - a +0 dagger of pain
 t - a +0 double sword (weapon)
Missiles
 d - 12 poisoned darts (quivered)
 e - 6 curare-tipped darts
 o - 2 atropa-tipped darts
Armour
 b - a +0 robe (worn)
 c - a +2 cloak (worn)
 j - a +0 buckler
 m - a +0 pair of gloves (worn)
Jewellery
 q - a +6 ring of intelligence
Wands
 r - a wand of flame (20)
Scrolls
 h - a scroll of teleportation
Potions
 f - 4 potions of might
 g - 2 potions of degeneration
 l - 2 potions of haste
 p - 2 potions of heal wounds {unknown}
 s - a potion of attraction {unknown}


   Skills:
 + Level 3.2 Fighting
 * Level 5.0 Short Blades
 - Level 2.1 Throwing
 * Level 4.0 Dodging
 * Level 6.9 Stealth
 - Level 1.0 Necromancy


You had 3 spell levels left.
You knew the following spells:

 Your Spells              Type           Power      Damage    Failure   Level
a - Sublimation of Blood  Necr           2%         N/A       30%         2

Your spell library contained the following spells:

 Spells                   Type           Power      Damage    Failure   Level
 Magic Dart               Conj           0%         1d3       30%         1
 Call Imp                 Summ           0%         N/A       43%         2
 Lesser Beckoning         Tloc           0%         N/A       43%         2
 Gell's Gravitas          Tloc           0%         N/A       67%         3
 Mephitic Cloud           Conj/Pois/Air  0%         N/A       67%         3
 Teleport Other           Tloc           0%         N/A       67%         3
 Petrify                  Tmut/Erth      0%         N/A       97%         4
 Irradiate                Conj/Tmut      0%         3d11      100%        5


Dungeon Overview and Level Annotations

Branches:
Dungeon (4/15)
 Temple: D:4-7

Altars:
Wu Jian
The Shining One


Innate Abilities, Weirdness & Mutations

You are small and have problems with some larger weapons.
You are completely attuned to the shadows.


Message History

Okay, then.
The wight attacks as you move away! The wight misses you.
The wight attacks as you move away! The wight misses you.
The wight attacks as you move away! The wight barely misses you.
The wight attacks as you move away! The wight hits you with a +0 war axe.
* * * LOW HITPOINT WARNING * * *
The wight attacks as you move away! The wight misses you.
The wight attacks as you move away! The wight barely misses you.
There is a stone staircase leading up here.
The wight closely misses you.
You climb upwards.
There is a stone staircase leading down here.
You feel better. The wight barely misses you.
Hit: t) +0 double sword
Press: ? - help, Dir - move target, f - wight
Aim: a wight, wielding a +0 war axe and wearing a +0 robe (moderately damaged, about 43% to evade your +0 double sword)
You slash the wight!
The wight is severely damaged.
The wight barely misses you.
Hit: t) +0 double sword
Press: ? - help, Dir - move target, f/p - wight
Aim: a wight, wielding a +0 war axe and wearing a +0 robe (severely damaged, about 43% to evade your +0 double sword)
You closely miss the wight.
The wight is severely damaged.
The wight barely misses you. The wight hits you with a +0 war axe.
You feel drained.
Hit: t) +0 double sword
Press: ? - help, Dir - move target, f/p - wight
Aim: a wight, wielding a +0 war axe and wearing a +0 robe (severely damaged, about 43% to evade your +0 double sword)
You hit the wight but do no damage.
The wight is severely damaged.
The wight hits you with a +0 war axe!
* * * LOW HITPOINT WARNING * * *
Hit: t) +0 double sword
Press: ? - help, Dir - move target, f/p - wight
Aim: a wight, wielding a +0 war axe and wearing a +0 robe (severely damaged, about 43% to evade your +0 double sword)
You hit the wight but do no damage.
The wight is severely damaged.
The wight completely misses you. The wight hits you with a +0 war axe!
You die...

...###..####.#.#
#........... ........#
#.#.# #.##########
........# #.#.# ### #.#
..#####.# #.#.###.###.#
..# #.## #.#......##.#
..#####..###.#.###.###.#
...............# #.###.#
..######..#...####....>#
..# ##..#.....@....###
..#####.......##z#.#.#
..........##.###.#.#.#
...####...##.###.#.#.#
#..##.รท............#.#
#..##.###'###.##.#.#.#
#..#..# #.# #.##.#.#.#
......###.###.##.#.#.#
##.##.###_..+........#


You could see a wight.

Vanquished Creatures
  Sigmund (D:2)
  6 adders
  A white imp (D:4)
  3 worms (D:2)
  2 dart slugs
  An orc (D:3)
  5 bats
  9 endoplasms
  2 giant cockroaches
  3 goblins
  5 hobgoblins
  2 jackals (D:1)
  9 kobolds
  3 quokkas
  3 ball pythons
  6 frilled lizards
  4 rats
65 creatures vanquished.

Notes
Turn   | Place    | Note
-------+----------+-------------------------------------------
     0 | D:1      | Graphine the Kobold Brigand began the quest for the Orb.
     0 | D:1      | Reached XP level 1. HP: 12/12 MP: 1/1
    99 | D:1      | Reached XP level 2. HP: 17/17 MP: 2/2
   544 | D:1      | Reached XP level 3. HP: 20/22 MP: 3/3
  1078 | D:2      | Reached XP level 4. HP: 27/27 MP: 4/4
  1237 | D:2      | Reached skill level 6 in Stealth
  1396 | D:2      | Noticed Sigmund
  1400 | D:2      | Killed Sigmund
  1401 | D:2      | Reached skill level 1 in Necromancy
  1401 | D:2      | Reached XP level 5. HP: 32/32 MP: 5/5
  1401 | D:2      | Reached XP level 6. HP: 37/37 MP: 6/6
  1762 | D:3      | Learned a level 2 spell: Sublimation of Blood
  1902 | D:3      | Reached skill level 5 in Short Blades
  2209 | D:3      | Found a glowing golden altar of the Shining One.
  2405 | D:4      | Found an ornate altar of the Wu Jian Council.
  2564 | D:3      | Slain by a wight

Illustrated notes

Levels and vault maps discovered:
D:1:      minmay_arrival_jagged, layout_rooms, minmay_hedge_maze, minivault_5,
          kennysheep_flooded_box
D:2:      layout_basic, uniq_sigmund
D:3:      layout_loops_ring, lemuel_doored_altar, kennysheep_generic_room_9
D:4:      layout_basic, mainiacjoe_overflow_swirl,
          minmay_temple_entry_antechambers, serial_shops, shop,
          nicolae_square_shop, shop, shop

Skill      XL: |  1  2  3  4  5  6 |
---------------+-------------------+-----
Short Blades   | 3 4 5 |  5.0
Dodging        | 2 3 4 |  4.0
Stealth        | 6 |  6.9
Fighting       | 3 |  3.2
Necromancy     | 1 |  1.0
Throwing       | |  2.1

Action                     |  1- 3 |  4- 6 || total
---------------------------+-------+-------++-------
  Melee: Dagger            |   111 |    92 ||   203
         Punch             |     1 |     3 ||     4
         Double sword      |       |     6 ||     6
  Throw: Dart              |       |     2 ||     2
    Use: Scroll            |     4 |     6 ||    10
         Potion            |       |     1 ||     1
   Stab: Sleeping          |    12 |    19 ||    31
 Armour: Robe              |    24 |    10 ||    34
  Dodge: Dodged            |    59 |    49 ||   108
